 Dungeon Crawl Stone Soup version 0.28-a0-1080-g05a166d0ed (webtiles) character file.

Game seed: 5341251999381783244

214 yoda5477 the Chopper (level 5, 0/41 HPs)
             Began as a Demonspawn Fighter on Dec 9, 2021.
             Slain by a scorpion (4 damage)
             ... on level 4 of the Dungeon.
             The game lasted 00:08:47 (3615 turns).

yoda5477 the Chopper (Demonspawn Fighter)           Turns: 3615, Time: 00:08:48

Health: 0/41       AC: 10    Str: 18    XL:     5   Next: 60%
Magic:  5/5        EV:  9    Int: 10    God:
Gold:   143        SH:  9    Dex: 12    Spells: 4/4 levels left

rFire   . . .      SeeInvis .   a - +0 war axe
rCold   . . .      Faith    .   c - +0 buckler
rNeg    . . .      Spirit   .   b - +0 scale mail
rPois   .          Reflect  +   (no helmet)
rElec   .          Harm     .   (no cloak)
rCorr   .          Rampage  .   (no gloves)
Will    .....                   (no boots)
Stlth   ..........              o - amulet of reflection
HPRegen 0.13/turn               v - +4 ring of protection
MPRegen 0.09/turn               (no ring)

@: lethally poisoned (0 -> -6)
A: powered by pain 2, weakness stinger 1
a: no special abilities


You were on level 4 of the Dungeon.
You visited 1 branch of the dungeon, and saw 5 of its levels.

You collected 143 gold pieces.

Inventory:

Hand Weapons
 a - a +0 war axe (weapon)
Missiles
 g - 65 stones (quivered)
 i - 97 arrows
 k - 10 bolts
 p - 3 javelins
 r - 3 atropa-tipped darts
 w - 18 sling bullets
Armour
 b - a +0 scale mail (worn)
 c - a +0 buckler (worn)
Jewellery
 o - an amulet of reflection (around neck)
 v - a +4 ring of protection (left hand)
Scrolls
 e - a scroll of noise {unknown}
 f - 3 scrolls of identify {unknown}
 l - a scroll of brand weapon {unknown}
 n - 2 scrolls of teleportation {unknown}
 s - a scroll of torment {unknown}
 t - 2 scrolls of vulnerability {unknown}
 u - a scroll of immolation {unknown}
Potions
 d - 2 potions of might
 h - a potion of heal wounds
 j - a potion of berserk rage {unknown}
 m - 2 potions of lignification {unknown}
 q - a potion of curing {unknown}


   Skills:
 - Level 3.0 Fighting
 * Level 4.9 Axes
 - Level 2.6 Armour
 + Level 3.4 Shields


You had 4 spell levels left.
You didn't know any spells.
Your spell library contained the following spells:

 Spells                   Type           Power      Damage    Failure   Level
 Static Discharge         Conj/Air       0%         N/A       89%         2
 Gell's Gravitas          Tloc           0%         N/A       98%         3
 Lesser Beckoning         Tloc           0%         N/A       98%         3
 Teleport Other           Tloc           0%         N/A       98%         3
 Dispel Undead            Necr           0%         3d6       100%        4
 Sticky Flame             Conj/Fire      0%         2d3       100%        4


Dungeon Overview and Level Annotations

Branches:
Dungeon (5/15)
 Temple: D:4-7

Altars:

Shops:
D:4 !


Innate Abilities, Weirdness & Mutations

You sometimes gain power by taking damage.
You have a small tail.


Message History

You closely miss the scorpion.
The scorpion is lightly wounded.
You feel sick. You block the scorpion's attack.
You barely miss the scorpion. You tail-slap the scorpion.
The scorpion is lightly wounded.
You feel sick. The scorpion stings you. The scorpion stings you!
* * * LOW HITPOINT WARNING * * *
You barely miss the scorpion.
The scorpion is lightly wounded.
You feel sick. The scorpion stings you.
* * * LOW HITPOINT WARNING * * *
You are lethally poisoned!
The scorpion poisons you!
You barely miss the scorpion.
The scorpion is lightly wounded.
* * * LOW HITPOINT WARNING * * *
You feel very sick. The scorpion stings you.
* * * LOW HITPOINT WARNING * * *
You are more poisoned.
The scorpion poisons you! You block the scorpion's attack.
You feel much better.
You feel very sick.
The scorpion stings you but does no damage.
You barely miss the scorpion.
The scorpion is lightly wounded.
* * * LOW HITPOINT WARNING * * *
You feel very sick. The scorpion closely misses you.
The scorpion stings you but does no damage.
You barely miss the scorpion.
The scorpion is lightly wounded.
* * * LOW HITPOINT WARNING * * *
You feel very sick.
The scorpion stings you but does no damage.
* * * LOW HITPOINT WARNING * * *
You feel sick.
* * * LOW HITPOINT WARNING * * *
You feel sick. The scorpion stings you.
You die...

### #..#........ ..#
#.#......... ### #.#
###........... ..
##.###...##...).... .. ... ...
##...).... . #.#
#.###......... ##.
#.###.##..........
####..#######.................
..........).s@..#...##........
..........#######.#<.######.##
.........## #.#..# #...
.........# .........# ###.
.........# ........... .
.........# ........###.#
.........# .......## .#
########## ....... .. #######
.


You could see a scorpion.

Vanquished Creatures
  Jessica (D:2)
  A hound skeleton (D:4)
  Robin (D:3)
  3 gnolls
  6 adders
  2 worms
  A dart slug (D:1)
  An orc (D:4)
  4 endoplasms
  A giant cockroach (D:1)
  7 hobgoblins
  2 quokkas
  7 ball pythons
  9 bats
  4 frilled lizards
  16 goblins
  4 kobolds
  4 rats
74 creatures vanquished.

Notes
Turn   | Place    | Note
-------+----------+-------------------------------------------
     0 | D:1      | yoda5477 the Demonspawn Fighter began the quest for the
                  | Orb.
     0 | D:1      | Reached XP level 1. HP: 18/18 MP: 1/1
    93 | D:1      | Found a faded altar of an unknown god.
   303 | D:1      | Reached skill level 2 in Axes
   541 | D:1      | Gained mutation: You sometimes gain a little power by
                  | taking damage. [demonic ancestry]
   541 | D:1      | Reached XP level 2. HP: 24/24 MP: 2/2
  1375 | D:2      | Noticed Jessica
  1379 | D:2      | Killed Jessica
  1380 | D:2      | Reached skill level 3 in Axes
  1380 | D:2      | Reached XP level 3. HP: 20/29 MP: 3/3
  1622 | D:2      | Gained mutation: You have a small tail. [demonic ancestry]
  1622 | D:2      | Reached XP level 4. HP: 27/35 MP: 4/4
  2166 | D:3      | Reached skill level 4 in Axes
  2259 | D:4      | Found Jausi's Distillery.
  2416 | D:3      | Noticed Robin
  2527 | D:3      | Killed Robin
  2528 | D:3      | Gained mutation: You sometimes gain power by taking damage.
                  | [demonic ancestry]
  2528 | D:3      | Reached XP level 5. HP: 41/41 MP: 5/5
  3528 | D:5      | Entered Level 5 of the Dungeon
  3610 | D:4      | HP: 1/41 [scorpion (4)]
  3615 | D:4      | Slain by a scorpion

Illustrated notes

Levels and vault maps discovered:
D:1:      lightli_molten_gateway, layout_loops_ring,
          dreamdust_ecumenical_altar_statues, amethyst_killhole
D:2:      layout_basic, grunt_decor_resistance, minmay_misc_feat_diagonals,
          minmay_tromino_mix6, uniq_jessica
D:3:      layout_basic, uniq_robin
D:4:      layout_rooms, serial_shops, nicolae_stop_n_shop_1,
          kennysheep_cross_bottleneck, minmay_misc_feat_roman
D:5:      layout_loops_corners, chequers_serial_rivers_room_a,
          nicolae_shop_self_help

Skill      XL: |  1  2  3  4 |
---------------+-------------+-----
Axes           | 2 3 4 |  4.9
Shields        | 3 |  3.4
Fighting       | |  3.0
Armour         | |  2.6

Action                   |  1- 3 |  4- 6 || total
-------------------------+-------+-------++-------
Melee: War axe           |    73 |   138 ||   211
       Tailslap          |       |    14 ||    14
Throw: Stone             |       |     1 ||     1
  Use: Potion            |       |     1 ||     1
Armor: Scale mail        |    33 |    63 ||    96
       Skin              |       |    11 ||    11
Dodge: Dodged            |    30 |    51 ||    81
Block: Buckler           |    16 |    39 ||    55

Table legend: (Time is in decaauts)
 A = Elapsed time spent in this place.
 B = Non-inter-level travel time spent in this place.
 C = Inter-level travel time spent in this place.
 D = Time resting spent in this place.
 E = Time spent auto-exploring this place.
 F = Levels seen in this place.
 G = Mean time per level.
                   A        B        C        D        E       F      G
               +--------+--------+--------+--------+--------+-----+--------+
         Total |   3703 |   3583 |    120 |    676 |   2196 |   5 |  740.6 |
       Dungeon |   3703 |   3583 |    120 |    676 |   2196 |   5 |  740.6 |
               +--------+--------+--------+--------+--------+-----+--------+

Top non-repeatable levels by time:
     D:1: 1200 daAuts
     D:2: 1164 daAuts
     D:3: 1163 daAuts
     D:4: 172 daAuts
     D:5: 1 daAuts
